T'kali, chaotic female orcish Rogue -------- ------------ |......-############### |..........| |......| |..........| |.......# |..........| |......|# ##``######## |..........| |....<.|# # --.--- |..........| --------### --.-- |....| #...........| # |..{| |....| ###------------ ###|...| |....| # # #-...| #-....|#### @ # |...|#######------############i # |...|#############` ### -----# # --|--# # |...|# # #### ##-...|# ### |...|######### |...| --|-.-- ----- |..>..| |.....| ------- T'kali the Cutpurse Experience level: 5 Strength: 11 Dexterity: 17 Constitution: 15 Intelligence: 12 Wisdom: 11 Charisma: 9 Health: 0(35) Energy: 21(21) Def: 7 Gold: 88 Moves: 3420 Dungeon seed: XxKFcV2tdg-X2_da Game ID: T'kali_1547057465 Your Inventory: Coins $ - 88 gold pieces Weapons a - a +0 orcish short sword (weapon in hand) b - 7 +0 orcish daggers (in quiver) r - a +0 dart v - a blessed +1 elven dagger Armor n - an uncursed +0 dwarvish mithril-coat (being worn) q - an uncursed +0 orcish helm (being worn) y - a cursed -2 orcish helm Comestibles g - 2 uncursed pancakes h - 5 uncursed food rations Spellbooks i - an uncursed spellbook of remove curse t - an uncursed spellbook of extra healing Potions c - an uncursed potion of sickness j - a potion of holy water Tools d - an uncursed lock pick f - an uncursed sack Gems e - an uncursed amethyst stone z - an uncursed worthless piece of white glass Spells and supernatural/magical abilities: Name Level Category Fail Memory r - remove curse 3 clerical 100% 97% x - extra healing 3 healing 100% 97% W - pray for help -- divine ? -- Your skills at the end: Fighting Skills Weapon Skills dagger [Basic] short sword [Basic] Spellcasting Skills Final Attributes: You were piously aligned. You were poison resistant. You had infravision. You were stealthy. You are dead. Vanquished creatures: a pony a fog cloud a ghoul a kitten 2 rothes an orc zombie 2 iguanas 2 acid blobs a gas spore 2 hobbits 5 giant rats 4 cave spiders a yellow mold 2 garter snakes 4 geckos 3 jackals a fox 2 kobolds 4 goblins 3 sewer rats 2 grid bugs 2 bats 4 lichens 7 newts 58 creatures vanquished. Voluntary challenges: You used a wielded weapon 24 times, starting on turn 868. You read items or engraved 25 times, starting on turn 2234. You never genocided any monsters. You never polymorphed an object. You never changed form. You used no wishes. You never split a pudding. You wrote Elbereth's name 3 times, starting on turn 2234. You violated your moral code, losing 31 points of alignment, starting on turn 1312. Dungeon overview: The Dungeons of Doom: levels 1 to 5 Level 1 a fountain a long staircase Level 2 a fountain Level 3 an armor shop, a fountain a long staircase Level 4 Level 5 <- You were here a fountain History has recorded: On T:1 you entered the Dungeons of Doom to retrieve the Amulet of Yendor! On T:347 you reached level 2 of The Dungeons of Doom. On T:910 you reached level 3 of The Dungeons of Doom. On T:1297 you advanced to experience level 2. On T:1528 you advanced to experience level 3. On T:1701 you advanced to experience level 4. On T:1737 you reached level 4 of The Dungeons of Doom. On T:2356 you advanced to experience level 5. On T:2429 you reached level 5 of The Dungeons of Doom. Score breakdown: Gold: 88 ( 6631 points) Experience: 5 levels (11141 points) Exploration: 5 levels ( 10.87%) ( 8944 points) Discoveries: 5 items ( 1.74%) ( 3959 points) Valuables value: (no points given unless you survive) Artifact value: 0 ( 0 points) Variety of kills: 24 monsters ( 6.30%) ( 7529 points) Turncount: 3420 turns ( -793 points) Survival: died (score multiplied by 80%) Total score: 29928 Latest messages: You miss the imp. The imp hits! You miss the imp. The imp hits! You miss the imp. The imp hits! You miss the imp. The imp hits! You write in the dust with your fingers. The imp turns to flee! You hear the chime of a cash register. b - 8 +0 orcish daggers (in quiver). b - a +0 orcish dagger (in quiver). The orcish dagger hits the imp. The imp hits! The orcish dagger misses the imp. The imp hits! You die... The sack is empty. The sack is empty. Final status: Goodbye T'kali the Rogue, killed by an imp... You died in The Dungeons of Doom on dungeon level 5 with 29928 points, and 88 pieces of gold, after 3420 moves. You were level 5 with a maximum of 35 hit points when you died.